 Dungeon Crawl Stone Soup version 0.30-a0-672-gc3a7216ad8 (webtiles) character file.

Game seed: 11960180332154087283

280 Absynth the Covert (level 6, -1/35 HPs)
             Began as a Kobold Brigand on Jan 18, 2023.
             Slain by an ogre
             ... wielding a +0 giant spiked club
              (17 damage)
             ... on level 4 of the Dungeon.
             The game lasted 00:08:29 (2897 turns).

Absynth the Covert (Kobold Brigand)                 Turns: 2897, Time: 00:08:30

Health: -1/35      AC:  3    Str:  9    XL:     6   Next: 52%
Magic:  6/6        EV: 16    Int: 20    God:
Gold:   70         SH:  6    Dex: 22    Spells: 5/5 levels left

rFire   . . .      SeeInvis .    a - +6 dagger of Ponlapt {flame, +Blink}
rCold   . . .      Faith    .    u - +2 buckler {reflect}
rNeg    . . .      Spirit   .    b - +0 robe
rPois   .          Reflect  +    (no helmet)
rElec   .          Harm     .    c - +0 cloak
rCorr   +          Rampage  .    (no gloves)
Will    .....                    (no boots)
Stlth   +++++                    (no amulet)
HPRegen 0.25/turn                k - +6 ring of dexterity
MPRegen 0.10/turn                w - ring "Nima" {rCorr Int+6}

@: no status effects
A: small, no large weapons, nightstalker 3
a: Evoke Blink


You were on level 4 of the Dungeon.
You visited 1 branch of the dungeon, and saw 4 of its levels.

You collected 190 gold pieces.
You spent 120 gold pieces at shops.

Inventory:

Hand Weapons
 a - the +6 dagger of Ponlapt (weapon) {flame, +Blink}
   (You found it on level 2 of the Dungeon)

   +Blink:    It lets you blink.
 o - the +10 dagger of Symmetry {protect, *Slow +Blink rF+ MP+9}
   (You found it on level 3 of the Dungeon)

   rF:        It protects you from fire.
   MP:        It affects your magic capacity (+9).
   +Blink:    It lets you blink.
   *Slow:     It may slow you when you take damage.
Missiles
 d - 12 poisoned darts (quivered)
 e - 6 curare-tipped darts
Armour
 b - a +0 robe (worn)
 c - a +0 cloak (worn)
 u - a +2 buckler of reflection (worn)
Jewellery
 k - a +6 ring of dexterity (left hand)
 v - an amulet of faith
 w - the ring "Nima" (right hand) {rCorr Int+6}
   (You found it on level 4 of the Dungeon)

   [ring of intelligence]

   Int:       It affects your intelligence (+6).
   rCorr:     It protects you from acid and corrosion.
Scrolls
 f - 3 scrolls of identify {unknown}
 h - a scroll of torment {unknown}
 l - 2 scrolls of immolation {unknown}
 q - 3 scrolls of vulnerability {unknown}
 s - 7 scrolls of teleportation {unknown}
 t - a scroll of amnesia {unknown}
Potions
 g - a potion of curing {unknown}
 i - a potion of resistance {unknown}
 j - 3 potions of heal wounds {unknown}
 m - a potion of invisibility {unknown}
 n - 3 potions of brilliance {unknown}
 p - 3 potions of lignification {unknown}
 r - 2 potions of mutation {unknown}


   Skills:
 - Level 2.1 Fighting
 + Level 4.7 Short Blades
 - Level 2.1 Throwing
 + Level 3.7 Dodging
 * Level 8.2 Stealth


You had 5 spell levels left.
You didn't know any spells.
Your spell library contained the following spells:

 Spells                   Type           Power      Damage    Failure   Level
 Apportation              Tloc           0%         N/A       30%         1
 Necrotise                Necr           0%         1d4       30%         1
 Summon Small Mammal      Summ           0%         N/A       30%         1
 Cigotuvi's Dreadful Rot  Necr/Pois/Air  0%         N/A       41%         2
 Poisonous Vapours        Pois/Air       0%         N/A       41%         2
 Mephitic Cloud           Conj/Pois/Air  0%         N/A       65%         3
 Vampiric Draining        Necr           0%         2d6       65%         3
 Agony                    Necr           0%         N/A       100%        5


Dungeon Overview and Level Annotations

Branches:
Dungeon (4/15)
 Temple: D:4-7

Altars:

Shops:
D:2 [

Annotations:
D:4 exclusions: gnoll and ogre


Innate Abilities, Weirdness & Mutations

You are small and have problems with some larger weapons.
You are completely attuned to the shadows.


Message History

Throw: 18 darts (poison)
Press: ? - help, Q - select action, (/) - cycle Shift-Dir - straight line, f/p - ogre
Aim: an ogre, wielding a +0 giant spiked club (moderately wounded, poisoned, 78% to hit)
You throw a poisoned dart. The poisoned dart hits the ogre.
The ogre is moderately wounded.
The ogre looks more healthy.
The ogre attacks as you move away! The ogre closely misses you.
Throw: 17 darts (poison)
Press: ? - help, Q - select action, (/) - cycle Shift-Dir - straight line, f/p - ogre
Aim: an ogre, wielding a +0 giant spiked club (moderately wounded, 78% to hit)
You throw a poisoned dart.
The poisoned dart completely misses the ogre.
The ogre barely misses you.
Throw: 16 darts (poison)
Press: ? - help, Q - select action, (/) - cycle Shift-Dir - straight line, f/p - ogre
Aim: an ogre, wielding a +0 giant spiked club (moderately wounded, 78% to hit)
You throw a poisoned dart.
The poisoned dart barely misses the ogre.
Throw: 15 darts (poison)
Press: ? - help, Q - select action, (/) - cycle Shift-Dir - straight line, f/p - ogre
Aim: an ogre, wielding a +0 giant spiked club (moderately wounded, 78% to hit)
You throw a poisoned dart.
The poisoned dart closely misses the ogre.
You block the ogre's attack. The ogre attacks as you move away!
The ogre barely misses you.
Throw: 14 darts (poison)
Press: ? - help, Q - select action, (/) - cycle Shift-Dir - straight line, f/p - ogre
Aim: an ogre, wielding a +0 giant spiked club (moderately wounded, 78% to hit)
You throw a poisoned dart. The poisoned dart hits the ogre.
The ogre is poisoned.
The ogre is moderately wounded.
The ogre attacks as you move away! You block the ogre's attack.
Throw: 13 darts (poison)
Press: ? - help, Q - select action, (/) - cycle Shift-Dir - straight line, f/p - ogre
Aim: an ogre, wielding a +0 giant spiked club (moderately wounded, poisoned, 78% to hit)
You throw a poisoned dart. The poisoned dart hits the ogre.
The ogre looks even sicker.
The ogre is moderately wounded.
The ogre hits you with a +0 giant spiked club!
You die...

########## #........# #######
#############........### #......
.(..(......(...O@......####......
############........<#...........
########.............######.....<
.......g####........# #..####.##
.##^....## #>...)...###..# #.#
.........## #####...##....# #.#
..........# ###.#..##.# #.#
..........# #)..###.# #.#
..........# #.#####.# #.#


You could see an ogre (very poisoned).

Vanquished Creatures
  An ogre (D:4)
  A necrophage (D:4)
  3 gnolls (D:4)
  2 adders
  3 worms
  4 dart slugs
  5 orcs (D:3)
  3 bats
  5 endoplasms
  A giant cockroach (D:2)
  3 goblins (D:1)
  7 hobgoblins
  2 jackals (D:2)
  7 kobolds
  A quokka (D:2)
  5 ball pythons
  5 frilled lizards
  5 rats
63 creatures vanquished.

Notes
Turn   | Place    | Note
-------+----------+-------------------------------------------
     0 | D:1      | Absynth the Kobold Brigand began the quest for the Orb.
     0 | D:1      | Reached XP level 1. HP: 12/12 MP: 1/1
   267 | D:1      | Reached XP level 2. HP: 17/17 MP: 2/2
   895 | D:2      | Reached skill level 6 in Stealth
   895 | D:2      | Reached XP level 3. HP: 21/21 MP: 3/3
  1151 | D:2      | Found Utu Fek's Antique Armour Shop.
  1164 | D:2      | Bought a shiny buckler for 120 gold pieces
  1185 | D:2      | Reached XP level 4. HP: 26/26 MP: 4/4
  1213 | D:2      | Identified the +6 dagger of Ponlapt {flame, +Blink}
  1670 | D:3      | Identified the +10 dagger of Symmetry {protect, *Slow
                  | +Blink rF+ MP+9}
  2204 | D:4      | Reached XP level 5. HP: 30/30 MP: 5/5
  2366 | D:4      | Identified the ring "Nima" {rCorr Int+6}
  2417 | D:4      | Noticed an ogre
  2555 | D:4      | Reached skill level 7 in Stealth
  2748 | D:4      | Noticed an ogre
  2763 | D:4      | Killed an ogre
  2764 | D:4      | Reached skill level 8 in Stealth
  2764 | D:4      | Reached XP level 6. HP: 35/35 MP: 6/6
  2897 | D:4      | Slain by an ogre

Illustrated notes

Levels and vault maps discovered:
D:1:      dpeg_arrival_radiant, layout_basic, grunt_decor_mini_mirrors
D:2:      minmay_angry_zag, layout_rooms, serial_shops, shop
D:3:      layout_loops_cross, chequers_serial_rivers_room_b
D:4:      layout_rooms, nicolae_qazlal_general_emergency

Skill      XL: |  1  2  3  4  5 |
---------------+----------------+-----
Short Blades   | 3 4 |  4.7
Stealth        | 6 8 |  8.2
Dodging        | 2 3 |  3.7
Fighting       | |  2.1
Throwing       | |  2.1

Action                   |  1- 3 |  4- 6 || total
-------------------------+-------+-------++-------
Melee: Dagger            |    51 |    68 ||   119
Throw: Dart              |       |    21 ||    21
 Stab: Sleeping          |    20 |     8 ||    28
Armor: Robe              |     4 |     5 ||     9
Dodge: Dodged            |    16 |    32 ||    48
Block: Buckler           |       |    19 ||    19

Table legend: (Time is in decaauts)
 A = Elapsed time spent in this place.
 B = Non-inter-level travel time spent in this place.
 C = Inter-level travel time spent in this place.
 D = Time resting spent in this place.
 E = Time spent auto-exploring this place.
 F = Levels seen in this place.
 G = Mean time per level.
                   A        B        C        D        E       F      G
               +--------+--------+--------+--------+--------+-----+--------+
         Total |   2879 |   2752 |    127 |    125 |   2030 |   4 |  719.8 |
       Dungeon |   2879 |   2752 |    127 |    125 |   2030 |   4 |  719.8 |
               +--------+--------+--------+--------+--------+-----+--------+

Top non-repeatable levels by time:
     D:3: 905 daAuts
     D:1: 846 daAuts
     D:4: 591 daAuts
     D:2: 536 daAuts
